TOP OF THE 1ST |
Los Cabos Cartel batting - Pitching for Niagara Falls Frenzy : RHP Mark Head
|
Pitching: RHP Mark Head
|
|
Batting: RHB Ángel Garza
|
0-0: Ground out 1-3 (Groundball, 15)
|
Batting: RHB Oliver Hernández
|
0-0: Ball 1-0: Fly out, F9 (Flyball, 9M)
|
Batting: RHB Jesús Hernández
|
0-0: Ball 1-0: Called Strike 1-1: Fly out, F8 (Flyball, 8RM)
|
Top of the 1st over - 0 run(s), 0 hit(s), 0 error(s), 0 left on base; Los Cabos 0 - Niagara Falls 0 |
BOTTOM OF THE 1ST |
Niagara Falls Frenzy batting - Pitching for Los Cabos Cartel : RHP Vicente Durán
|
Pitching: RHP Vicente Durán
|
|
Batting: RHB Santiago Zambrano
|
0-0: Called Strike 0-1: Called Strike 0-2: Strikes out swinging
|
Batting: LHB Clyde Yarbrough
|
0-0: Called Strike 0-1: Ball 1-1: Ball 2-1: DOUBLE (Line Drive, 9LM)
|
Batting: SHB Martín De Jesús
|
0-0: Ball 1-0: Ball 2-0: Called Strike 2-1: Called Strike 2-2: Foul Ball, location: 2F 2-2: Ball 3-2: SINGLE (Groundball, 56) Clyde Yarbrough to third Runner from 3rd tries for Home, SAFE, no throw or cutoff
|
Batting: RHB Lawrence Schroeder
|
0-0: Ball 1-0: SINGLE (Flyball, 4D) Martín De Jesús to second Runner from 2nd tries for 3rd, SAFE, throw made to third Lawrence Schroeder to second
|
Batting: RHB Luther Stoffels
|
0-0: Called Strike 0-1: Foul Ball, location: 2F 0-2: Ball 1-2: Foul Ball, location: 2F 1-2: Foul Ball, location: 2F 1-2: Foul Ball, location: 2F 1-2: Strikes out swinging
|
Batting: RHB Ángel Hinojosa
|
0-0: Swinging Strike 0-1: Swinging Strike 0-2: Ground out 6-3 (Groundball, 6)
|
Bottom of the 1st over - 1 run(s), 3 hit(s), 0 error(s), 2 left on base; Los Cabos 0 - Niagara Falls 1 |
TOP OF THE 2ND |
Los Cabos Cartel batting - Pitching for Niagara Falls Frenzy : RHP Mark Head
|
Batting: LHB Manny Quiñones
|
0-0: Swinging Strike 0-1: Ball 1-1: Foul Ball, location: 2F 1-2: Fly out, F7 (Popup, 78S)
|
Batting: RHB Sam Wallace
|
0-0: Ground out 4-3 (Groundball, 13)
|
Batting: SHB Rob Grun
|
0-0: Ground out U3 (Groundball, 3L)
|
Top of the 2nd over - 0 run(s), 0 hit(s), 0 error(s), 0 left on base; Los Cabos 0 - Niagara Falls 1 |
BOTTOM OF THE 2ND |
Niagara Falls Frenzy batting - Pitching for Los Cabos Cartel : RHP Vicente Durán
|
Batting: RHB Juan Sánchez
|
0-0: Fly out, F8 (Flyball, 8LXD)
|
Batting: RHB Zander Tremblett
|
0-0: Called Strike 0-1: Foul Ball, location: 2F 0-2: Ball 1-2: Fly out, F8 (Flyball, 8RS)
|
Batting: RHB Gerald Burnett
|
0-0: Ball 1-0: SINGLE (Line Drive, 7S)
|
Batting: RHB Santiago Zambrano
|
0-0: Ball 1-0: Ball 2-0: Called Strike 2-1: Ball 3-1: Swinging Strike 3-2: Foul Ball, location: 2F 3-2: Foul Ball, location: 2F 3-2: Ground out 1-3 (Groundball, 13)
|
Bottom of the 2nd over - 0 run(s), 1 hit(s), 0 error(s), 1 left on base; Los Cabos 0 - Niagara Falls 1 |
TOP OF THE 3RD |
Los Cabos Cartel batting - Pitching for Niagara Falls Frenzy : RHP Mark Head
|
Batting: LHB Willie Wallace
|
0-0: Ball 1-0: Called Strike 1-1: Foul Ball, location: 2F 1-2: Ground out 1-3 (Groundball, 15)
|
Batting: RHB Wilbert Rodgers
|
0-0: Called Strike 0-1: Fly out, F8 (Line Drive, 8LD)
|
Batting: RHB Víctor Solano
|
0-0: Ball 1-0: Foul Ball, location: 2F 1-1: Ball 2-1: Foul Ball, location: 2F 2-2: Strikes out swinging
|
Top of the 3rd over - 0 run(s), 0 hit(s), 0 error(s), 0 left on base; Los Cabos 0 - Niagara Falls 1 |
BOTTOM OF THE 3RD |
Niagara Falls Frenzy batting - Pitching for Los Cabos Cartel : RHP Vicente Durán
|
Batting: LHB Clyde Yarbrough
|
0-0: Ball 1-0: Fly out, F9 (Flyball, 9LM)
|
Batting: SHB Martín De Jesús
|
0-0: Called Strike 0-1: DOUBLE (Flyball, 7LM)
|
Batting: RHB Lawrence Schroeder
|
0-0: Called Strike 0-1: Swinging Strike 0-2: Ball 1-2: Foul Ball, location: 2F 1-2: Ball 2-2: Ball 3-2: Strikes out looking
|
Batting: RHB Luther Stoffels
|
0-0: Ball 1-0: Called Strike 1-1: Ball 2-1: Foul Ball, location: 2F 2-2: Ground out 6-3 (Groundball, 6)
|
Bottom of the 3rd over - 0 run(s), 1 hit(s), 0 error(s), 1 left on base; Los Cabos 0 - Niagara Falls 1 |
TOP OF THE 4TH |
Los Cabos Cartel batting - Pitching for Niagara Falls Frenzy : RHP Mark Head
|
Batting: RHB Ángel Garza
|
0-0: Ball 1-0: Ball 2-0: Ground out 5-3 (Groundball, 56S)
|
Batting: RHB Oliver Hernández
|
0-0: Ball 1-0: Ball 2-0: Foul Ball, location: 2F 2-1: Called Strike 2-2: Foul Ball, location: 2F 2-2: Fly out, F8 (Flyball, 8LM)
|
Batting: RHB Jesús Hernández
|
0-0: Ball 1-0: Called Strike 1-1: Swinging Strike 1-2: Ball 2-2: Strikes out swinging
|
Top of the 4th over - 0 run(s), 0 hit(s), 0 error(s), 0 left on base; Los Cabos 0 - Niagara Falls 1 |
BOTTOM OF THE 4TH |
Niagara Falls Frenzy batting - Pitching for Los Cabos Cartel : RHP Vicente Durán
|
Batting: RHB Ángel Hinojosa
|
0-0: Called Strike 0-1: Called Strike 0-2: Ball 1-2: Foul Ball, location: 2F 1-2: Strikes out swinging
|
Batting: RHB Juan Sánchez
|
0-0: Ground out U3 (Groundball, 3)
|
Batting: RHB Zander Tremblett
|
0-0: Called Strike 0-1: Ground out 5-3 (Groundball, 56)
|
Bottom of the 4th over - 0 run(s), 0 hit(s), 0 error(s), 0 left on base; Los Cabos 0 - Niagara Falls 1 |
TOP OF THE 5TH |
Los Cabos Cartel batting - Pitching for Niagara Falls Frenzy : RHP Mark Head
|
Pitching: RHP Tom Moore
|
|
Batting: LHB Manny Quiñones
|
0-0: Ball 1-0: Ball 2-0: Called Strike 2-1: Ground out U3 (Groundball, 3L)
|
Batting: RHB Sam Wallace
|
0-0: SINGLE (Groundball, 34)
|
Batting: SHB Rob Grun
|
0-0: Called Strike 0-1: Ball 1-1: Fly out, F8 (Flyball, 8LD)
|
Batting: LHB Willie Wallace
|
0-0: Called Strike 0-1: Ball 1-1: Ball 2-1: Called Strike Pickoff Throw to First - Out!
|
Top of the 5th over - 0 run(s), 1 hit(s), 0 error(s), 0 left on base; Los Cabos 0 - Niagara Falls 1 |
BOTTOM OF THE 5TH |
Niagara Falls Frenzy batting - Pitching for Los Cabos Cartel : RHP Vicente Durán
|
Pitching: RHP Pedro Hernández
|
|
Batting: RHB Gerald Burnett
|
0-0: Called Strike 0-1: Swinging Strike 0-2: Fly out, F7 (Flyball, 78S)
|
Batting: RHB Santiago Zambrano
|
0-0: Fly out, F6 (Popup, 6MD)
|
Batting: LHB Clyde Yarbrough
|
0-0: Called Strike 0-1: Swinging Strike 0-2: Foul Ball, location: 2F 0-2: Ball 1-2: Ground out 3-1 (Groundball, 34)
|
Bottom of the 5th over - 0 run(s), 0 hit(s), 0 error(s), 0 left on base; Los Cabos 0 - Niagara Falls 1 |
TOP OF THE 6TH |
Los Cabos Cartel batting - Pitching for Niagara Falls Frenzy : RHP Tom Moore
|
Batting: LHB Willie Wallace
|
0-0: Ball 1-0: Called Strike SINGLE, but batter called out on appeal for missing first base!
|
Batting: RHB Wilbert Rodgers
|
0-0: Ground out 6-3 (Groundball, 6)
|
Batting: RHB Víctor Solano
|
0-0: Called Strike 0-1: Ball 1-1: Foul Ball, location: 2F 1-2: Ball 2-2: Ball 3-2: Ground out 5-3 (Groundball, 56)
|
Top of the 6th over - 0 run(s), 0 hit(s), 0 error(s), 0 left on base; Los Cabos 0 - Niagara Falls 1 |
BOTTOM OF THE 6TH |
Niagara Falls Frenzy batting - Pitching for Los Cabos Cartel : RHP Pedro Hernández
|
Batting: SHB Martín De Jesús
|
0-0: Ball 1-0: Ball 2-0: Ball 3-0: Base on Balls
|
Batting: RHB Lawrence Schroeder
|
0-0: Foul Ball, location: 2F 0-1: Ball 1-1: Ball 2-1: Called Strike 2-2: Strikes out looking
|
Batting: RHB Luther Stoffels
|
0-0: Ball 1-0: Called Strike 1-1: Grounds into double play, 6-4-3 (Groundball, 6)
|
Bottom of the 6th over - 0 run(s), 0 hit(s), 0 error(s), 0 left on base; Los Cabos 0 - Niagara Falls 1 |
TOP OF THE 7TH |
Los Cabos Cartel batting - Pitching for Niagara Falls Frenzy : RHP Tom Moore
|
Pitching: RHP George Nelson
|
|
Batting: RHB Ángel Garza
|
0-0: Called Strike 0-1: Ball 1-1: Foul Ball, location: 2F 1-2: Foul Ball, location: 2F 1-2: Fly out, F5 (Line Drive, 5)
|
Batting: RHB Oliver Hernández
|
0-0: Ball 1-0: Called Strike 1-1: Hit by Pitch
|
Batting: RHB Jesús Hernández
|
0-0: Called Strike 0-1: Swinging Strike 0-2: Ball 1-2: Ball 2-2: Reached on error, E5 (Groundball, 5L) Oliver Hernández to second
|
Pinch Hitting: LHB José Rivas
|
0-0: Ball 1-0: Ball 2-0: Ball Wild Pitch! Oliver Hernández to third Jesús Hernández to second 3-0: Called Strike 3-1: Ground out 4-3 (Groundball, 4M)
|
Pinch Hitting: RHB Stephen Wilson
|
0-0: Called Strike 0-1: Ball 1-1: Ball 2-1: Called Strike 2-2: Ball 3-2: Foul Ball, location: 2F 3-2: Base on Balls
|
Batting: SHB Rob Grun
|
0-0: Ball 1-0: Ball 2-0: Foul Ball, location: 2F 2-1: Foul Ball, location: 2F 2-2: Foul Ball, location: 2F 2-2: Strikes out looking
|
Top of the 7th over - 0 run(s), 0 hit(s), 1 error(s), 3 left on base; Los Cabos 0 - Niagara Falls 1 |
BOTTOM OF THE 7TH |
Niagara Falls Frenzy batting - Pitching for Los Cabos Cartel : RHP Pedro Hernández
|
Pitching: RHP Pedro Magana
|
|
Now at 1B: Stephen Wilson
|
|
Now at 2B: Luis González
|
|
Batting: RHB Ángel Hinojosa
|
0-0: Foul Ball, location: 2F 0-1: Swinging Strike 0-2: DOUBLE (Groundball, 5D)
|
Batting: RHB Juan Sánchez
|
0-0: Ball 1-0: Foul Ball, location: 2F 1-1: Ground out 6-3 (Groundball, 6M) Ángel Hinojosa to third
|
Batting: RHB Zander Tremblett
|
0-0: Bunted foul 0-1: Foul Ball, location: 2F 0-2: Strikes out swinging
|
Batting: RHB Gerald Burnett
|
0-0: Called Strike 0-1: Ball 1-1: Ball 2-1: Ball 3-1: Base on Balls
|
Batting: RHB Santiago Zambrano
|
0-0: Ball 1-0: Foul Ball, location: 2F 1-1: SINGLE (Groundball, 15S) (infield hit) Ángel Hinojosa scores Gerald Burnett to second
|
Pinch Hitting: LHB Arturo López
|
0-0: Ball 1-0: Swinging Strike 1-1: Ball 2-1: Fly out, F7 (Flyball, 78M)
|
Bottom of the 7th over - 1 run(s), 2 hit(s), 0 error(s), 2 left on base; Los Cabos 0 - Niagara Falls 2 |
TOP OF THE 8TH |
Los Cabos Cartel batting - Pitching for Niagara Falls Frenzy : RHP George Nelson
|
Now in LF: Jesús Herrera
|
|
Batting: LHB Willie Wallace
|
0-0: Foul Ball, location: 2F 0-1: SINGLE (Flyball, 8RS)
|
Batting: RHB Wilbert Rodgers
|
0-0: Ball 1-0: Called Strike 1-1: Ball 2-1: Foul Ball, location: 2F 2-2: Ball 3-2: Foul Ball, location: 2F 3-2: Foul Ball, location: 2F 3-2: Foul Ball, location: 2F 3-2: Ground out 5-3 (Groundball, 56) Willie Wallace to second
|
Batting: RHB Víctor Solano
|
0-0: Called Strike 0-1: Ball 1-1: Ball 2-1: Ball 3-1: Called Strike 3-2: Base on Balls
|
Pinch Hitting: SHB Julián Madrid
|
0-0: Called Strike 0-1: Swinging Strike 0-2: Ball 1-2: Ground out 5-3 (Groundball, 5S) Willie Wallace to third Víctor Solano to second
|
Pinch Hitting: LHB Miguel Rivería
|
0-0: Foul Ball, location: 2F 0-1: Foul Ball, location: 2F 0-2: Foul Ball, location: 2F 0-2: Strikes out swinging
|
Top of the 8th over - 0 run(s), 1 hit(s), 0 error(s), 2 left on base; Los Cabos 0 - Niagara Falls 2 |
BOTTOM OF THE 8TH |
Niagara Falls Frenzy batting - Pitching for Los Cabos Cartel : RHP Pedro Magana
|
Now at 1B: Julián Madrid
|
|
Now at 3B: Gerardo Escobedo
|
|
Batting: SHB Martín De Jesús
|
0-0: Called Strike 0-1: Ball 1-1: Ball 2-1: Called Strike 2-2: Ball 3-2: Foul Ball, location: 2F 3-2: DOUBLE (Flyball, 8LD)
|
Batting: RHB Lawrence Schroeder
|
0-0: Intentional Walk
|
Pitching: RHP Masahiko Okada
|
|
Pinch Hitting: LHB Jerry Douglas
|
0-0: Foul Ball, location: 2F 0-1: Swinging Strike 0-2: Ball 1-2: Strikes out swinging
|
Batting: RHB Ángel Hinojosa
|
0-0: Ball 1-0: Ball 2-0: Called Strike 2-1: Foul Ball, location: 2F 2-2: Ball 3-2: Strikes out swinging
|
Batting: RHB Juan Sánchez
|
0-0: Ball 1-0: SINGLE (Groundball, 4MS) Martín De Jesús to third Lawrence Schroeder to second Runner from 3rd tries for Home, SAFE, throw made home
|
Batting: RHB Carlos Castro
|
0-0: Ground out 5-3 (Groundball, 5S)
|
Bottom of the 8th over - 1 run(s), 2 hit(s), 0 error(s), 2 left on base; Los Cabos 0 - Niagara Falls 3 |
TOP OF THE 9TH |
Los Cabos Cartel batting - Pitching for Niagara Falls Frenzy : RHP George Nelson
|
Pitching: RHP Esteban Juárez
|
|
Now in RF: Jerry Douglas
|
|
Batting: RHB Jesús Hernández
|
0-0: Ball 1-0: Fly out, F9 (Popup, 4D)
|
Batting: LHB Luis González
|
0-0: Ball 1-0: Foul Ball, location: 2F 1-1: Ball 2-1: Foul Ball, location: 2F 2-2: Ball 3-2: Base on Balls
|
Batting: RHB Stephen Wilson
|
0-0: Foul Ball, location: 2F 0-1: Swinging Strike 0-2: Ball 1-2: Ball 2-2: Strikes out swinging
|
Pinch Hitting: RHB John Pick
|
0-0: Ground out 6-3 (Groundball, 56)
|
Top of the 9th over - 0 run(s), 0 hit(s), 0 error(s), 1 left on base; Los Cabos 0 - Niagara Falls 3 |
|